Map: 16 бит РВ

Players

Murena

  • Race: Terran Terran
  • Spawn Location: 1:00

ИИ 1 (эксперт) - Winner!

  • Race: Protoss Protoss
  • Spawn Location: 7:00

VOD

Have the link to the VOD?

Description

Time

  • Played on: March 29, 2019, 10:21 a.m.
  • Length: 8:39
Show
View Real Time Build Order
Export as new Build Order

Murena Terran 

Build Orders: Command Center First (CC) 

Get SALT Encoding   

  12  0:00  SCV  
  13  0:13  SCV  
  14  0:22  Supply Depot  
  14  0:27  Refinery  
  14  0:29  SCV  
  15  1:08  Command Center  
  15  1:11  SCV  
  16  1:28  Barracks  
  16  1:31  SCV  
  17  1:44  SCV  
  18  1:56  SCV  
  19  2:11  SCV  
  20  2:16  Factory  
  20  2:17  Marine  
  20  2:21  Orbital Command  
  21  2:32  Orbital Command  
  21  2:35  Barracks Reactor  
  21  2:50  Factory  
  21  2:52  SCV  
  22  3:00  SCV  
  22  3:02  Factory Tech Lab  
  23  3:09  Refinery  
  23  3:11  Marine x2  
  25  3:17  Bunker, SCV x2  
  27  3:23  Cyclone  
  30  3:29  Supply Depot  
  30  3:34  Factory Tech Lab  
  30  3:35  Marine x2  
  30  3:38  SCV  
  30  3:39  SCV  
  34  3:50  SCV  
  34  3:52  Cyclone  
  34  3:54  Marine x2  
  40  4:02  Supply Depot  
  40  4:03  Cyclone  
  40  4:06  SCV  
  40  4:08  SCV  
  45  4:13  Marine  
  46  4:18  Supply Depot  
  46  4:25  Cyclone  
  46  4:27  SCV  
  46  4:29  SCV  
  51  4:33  Marine x2  
  53  4:40  SCV  
  53  4:41  SCV  
  53  4:43  Cyclone  
  58  4:49  Barracks, Supply Depot  
  58  4:52  Marine  
  59  4:53  Marine  
  59  4:54  SCV  
  59  4:55  SCV  
  62  5:05  Supply Depot  
  62  5:12  Cyclone  
  65  5:15  Refinery x2  
  65  5:17  Cyclone  
  65  5:19  Marine  
  65  5:20  SCV  
  70  5:24  Engineering Bay  
  70  5:28  SCV  
  71  5:33  SCV  
  72  5:36  Barracks Tech Lab  
  72  5:37  Marine  
  72  5:38  Marine  
  74  5:44  Cyclone  
  74  5:47  Supply Depot, SCV  
  78  5:54  Supply Depot  
  78  5:55  Combat Shield  
  78  6:08  Missile Turret  
  78  6:10  Cyclone  
  78  6:11  Missile Turret  
  81  6:14  SCV x2  
  81  6:18  Supply Depot, Cyclone  
  83  6:20  Marauder  
  83  6:21  Marine x2  
  90  6:28  Barracks  
  90  6:29  Mag-Field Accelerator  
  90  6:32  SCV  
  91  6:33  SCV  
  92  6:40  Marine  
  92  6:41  Marine  
  92  6:42  Cyclone  
  92  6:44  Marauder  
  99  6:49  SCV  
  99  6:50  SCV  
  99  6:53  Supply Depot  
  101  7:00  Supply Depot  
  101  7:05  Engineering Bay  
  101  7:15  Barracks Tech Lab, Supply Depot  
  101  8:05  Cyclone  
  104  8:07  Cyclone  
Show
View Real Time Build Order
Export as new Build Order

ИИ 1 (эксперт) Protoss - Winner!

Build Orders:  

Get SALT Encoding   

  12  0:00  Probe  
  13  0:13  Probe  
  14  0:20  Pylon  
  14  0:25  Probe  
  15  0:34  Probe  
  15  0:42  Probe  
  16  0:48  Assimilator  
  17  0:50  Gateway  
  17  0:52  Probe  
  18  1:00  Pylon, Probe  
  18  1:08  Probe  
  20  1:19  Probe  
  21  1:37  Gateway  
  21  1:40  Zealot, Probe  
  21  1:41  Cybernetics Core  
  24  1:49  Pylon  
  24  1:52  Probe  
  25  1:58  Zealot  
  25  2:03  Assimilator  
  27  2:09  Probe  
  27  2:10  Warp Gate  
  27  2:21  Probe  
  28  2:24  Adept  
  28  2:28  Adept  
  32  2:33  Probe  
  33  2:40  Robotics Facility  
  33  2:45  Probe  
  34  2:54  Adept  
  34  2:58  Adept  
  38  3:04  Probe  
  38  3:05  Pylon  
  39  3:24  Sentry  
  41  3:28  Adept  
  41  3:30  Immortal  
  47  3:40  Pylon  
  47  3:58  Stalker  
  47  4:01  Pylon  
  49  4:06  Stalker  
  51  4:14  Immortal  
  55  4:26  Gateway  
  55  4:35  Gateway  
  55  4:38  Adept  
  57  4:44  Adept  
  59  4:58  Adept  
  61  5:04  Adept  
  63  5:08  Pylon  
  63  5:26  Adept, Stalker x2  
  69  5:29  Zealot  
  69  5:35  Pylon  
  71  5:59  Pylon  
  71  6:02  Stalker  
  73  6:06  Forge  
  73  6:19  Nexus  
  73  6:32  Stalker  
  75  6:40  Protoss Ground Weapons Level 1  
  75  6:51  Forge  
  75  7:09  Robotics Bay  
  75  7:25  Observer  
  75  7:27  Sentry  
  75  7:28  Pylon  
  78  7:32  Probe  
  78  7:33  Probe  
  80  7:44  Probe  
  81  7:45  Probe  
  82  7:56  Probe  
  82  7:57  Probe  
  89  8:08  Probe  
  89  8:10  Probe  
  91  8:15  Zealot x4  
  93  8:20  Probe  
  93  8:24  Probe  
  72  8:35  Sentry, Stalker, Zealot  
Tags
 
Add a new tag
Caveats
  • Supply blocks, unpowered buildings, or Contaminate may cause inaccurate times.
  • Supply counts are checked every 10 seconds.